 Dungeon Crawl Stone Soup version 0.19-a0-1792-g28b16ba (webtiles) character file.

51 Alarkh the Grave Robber (level 3, -1/24 HPs)
             Began as a Mummy Necromancer on Oct 4, 2016.
             Killed from afar by an orc wizard (10 damage)
             ... with a puff of flame
             ... on level 4 of the Dungeon.
             The game lasted 00:02:23 (1609 turns).

Alarkh the Grave Robber (Mummy Necromancer)         Turns: 1609, Time: 00:02:25

Health: -1/24      AC:  3    Str: 11    XL:     3   Next: 57%
Magic:  0/7        EV: 12    Int: 15    God:
Gold:   223        SH:  0    Dex: 12    Spells: 2 memorised, 4 levels left

rFire  x . .     SeeInvis .     a - +2 spear (pierce)
rCold  + . .     Gourm    .     g - +0 robe
rNeg   + + +     Faith    .     (no shield)
rPois  ∞         Spirit   .     (no helmet)
rElec  .         Dismiss  .     (no cloak)
rCorr  .         Reflect  .     d - +0 pair of gloves
MR     .....     Harm     .     (no boots)
Stlth  ++........               (no amulet)
                                (no ring)
                                (no ring)

@: no status effects
A: no food or potions, fire vulnerability, cold resistance 1, negative energy
resistance 3, torment resistance, unbreathing
a: no special abilities


You were on level 4 of the Dungeon.
You were not hungry.

You visited 1 branch of the dungeon, and saw 4 of its levels.

You collected 223 gold pieces.

Inventory:

Hand Weapons
 a - a +2 spear of piercing (weapon)
Armour
 d - a +0 pair of gloves (worn)
 g - a +0 robe (worn)
Magical Staves
 h - an uncursed staff of fire
Scrolls
 c - a scroll of enchant weapon
 e - 2 scrolls of identify
 f - 2 scrolls of magic mapping
 i - a scroll of amnesia {unknown}
Books
 b - a book of Necromancy

   Spells                             Type                      Level
   a - Pain                           Necromancy                   1
   b - Animate Skeleton               Necromancy                   1
   c - Vampiric Draining              Necromancy                   3
   d - Regeneration                   Charms/Necromancy            3
   e - Animate Dead                   Necromancy                   4
   f - Control Undead                 Necromancy                   4


   Skills:
 - Level 1.5 Dodging
 - Level 1.5 Stealth
 + Level 3.1 Spellcasting
 + Level 4.5 Necromancy


You had 4 spell levels left.
You knew the following spells:

 Your Spells              Type           Power        Failure   Level  Hunger
a - Pain                  Necr           ###.         3%          1    N/A
b - Vampiric Draining     Necr           ###.......   12%         3    N/A

Dungeon Overview and Level Annotations

Branches:
Dungeon (4/15)
 Temple: D:4-7

Altars:
Nemelex Xobeh
Qazlal

Annotations:
D:2 Sigmund, Terence


Innate Abilities, Weirdness & Mutations

You do not eat or drink.
Your flesh is vulnerable to fire.
You are immune to poison.
Your flesh is cold resistant. (rC+)
You are immune to negative energy. (rN+++)
You are immune to unholy pain and torment.
You can survive without breathing.


Message History

The orc wizard writhes in agony!
The orc wizard completely misses you. x2
Casting: Pain
Confirm with . or Enter, or press ? or * to list all spells.
Aiming: Pain
Press: ? - help, Shift-Dir - straight line, f/p - orc
Aim: an orc, wielding an antimagic hand axe (lightly wounded, chance to defeat MR: 87%)
The orc wizard writhes in agony!
The orc wizard closely misses you.
You barely miss the orc wizard.
The orc wizard is almost dead.
The orc wizard casts a spell at you. The puff of flame misses you.
The orc wizard gestures at you while chanting.
The magic dart hits you!
You closely miss the orc wizard.
The orc wizard is almost dead.
The orc wizard points at you and mumbles some strange words.
The puff of frost hits you! You resist. The orc wizard casts a spell at you.
The puff of flame hits you! The fire burns you terribly!
You die...

######.....#....
#......†.....#.#
#.##.......#.# #
#.##.#.....#... ###
#.......##.# #. ...
#####.###..# #o# .. #.#
#.## #.###....
#.###.########....#
#.##..#....@oo....#
##....#..######........
##..####### #....###.
#...# ####.... #####
###. .


You could see an orc wizard and an orc.

Vanquished Creatures
  2 adders
  A leopard gecko (D:1)
  An orc (D:4)
  A giant cockroach (D:3)
  5 goblins
  A hobgoblin (D:1)
  2 jackals (D:2)
  7 bats
  2 frilled lizards
  4 kobolds
  4 rats
30 creatures vanquished.

Notes
Turn   | Place    | Note
-------+----------+-------------------------------------------
     0 | D:1      | Alarkh the Mummy Necromancer began the quest for the Orb.
     0 | D:1      | Reached XP level 1. HP: 13/13 MP: 3/3
   279 | D:1      | Reached XP level 2. HP: 19/19 MP: 3/5
   577 | D:2      | Noticed Sigmund
   616 | D:2      | Noticed Terence
   937 | D:3      | Found a stormy altar of Qazlal.
  1020 | D:3      | Reached XP level 3. HP: 24/24 MP: 4/7
  1359 | D:3      | Found a sparkling altar of Nemelex Xobeh.
  1394 | D:3      | Learned a level 3 spell: Vampiric Draining
  1609 | D:4      | Killed from afar by an orc wizard

Vault maps used:
D:1:      lightli_arrival_flooded_house
D:2:      minmay_pentomino_o2, uniq_sigmund, uniq_terence
D:3:      nemelex_xobeh_ov_fountains_minmay, nicolae_overflow_crystal_walls
D:4:      serial_shops, nicolae_shop_window_shopping

Skill      XL: |  1  2  3 |
---------------+----------+-----
Spellcasting   | 3 |  3.1
Dodging        | |  1.5
Stealth        | |  1.5
Necromancy     | |  4.5

Action                   || total
-------------------------++-------
Melee: Unarmed           ||     1
       Spear             ||    34
 Cast: Pain              ||    40
  Use: Scroll            ||     2
 Stab: Sleeping          ||     1
Armor: Robe              ||     6
Dodge: Dodged            ||    27
